 Dungeon Crawl Stone Soup version 0.20-a0-947-g2784f4f (webtiles) character file.

3059 Hybris the Covered (level 9, -1/62 HPs)
             Began as a Demigod Fire Elementalist on Apr 3, 2017.
             Slain by an orc warrior
             ... wielding a +0 scimitar
              (15 damage)
             ... on level 8 of the Dungeon.
             The game lasted 00:47:10 (13800 turns).

Hybris the Covered (Demigod Fire Elementalist)     Turns: 13800, Time: 00:47:11

Health: -1/62      AC: 11    Str: 11    XL:     9   Next: 32%
Magic:  5/19       EV: 11    Int: 33    God:
Gold:   187        SH:  2    Dex: 12    Spells: 2/16 levels left

rFire    . . .     SeeInvis +   o - +5 mace "Zomic" {vamp, Int+8 Dex-4 SInv}
rCold    + + +     Gourm    .   (no shield)
rNeg     . . .     Faith    .   t - +4 ring mail of Lihiy {*Contam rC+ MR+}
rPois    .         Spirit   .   (no helmet)
rElec    .         Reflect  +   G - scarf {rC+}
rCorr    .         Harm     .   (no gloves)
MR       +....                  (no boots)
Stlth    +.........             x - +2 amulet of reflection
Regen    0.2/turn               z - ring of protection from cold
MPRegen  0.2/turn               g - +1 ring of protection

@: no status effects
A: high mp 1
a: no special abilities


You were on level 8 of the Dungeon.
You were not hungry.

You visited 2 branches of the dungeon, and saw 9 of its levels.

You collected 421 gold pieces.
You spent 234 gold pieces at shops.

Inventory:

Hand Weapons
 o - the +5 mace "Zomic" (weapon) {vamp, Int+8 Dex-4 SInv}
   (You found it on level 5 of the Dungeon)

   It inflicts no extra harm, but heals its wielder when it wounds a living foe.
   It affects your intelligence (+8).
   It affects your dexterity (-4).
   It lets you see invisible.
Missiles
 r - 11 javelins (quivered)
Armour
 t - the +4 ring mail of Lihiy (worn) {*Contam rC+ MR+}
   (You found it on level 7 of the Dungeon)

   It protects you from cold.
   It affects your resistance to hostile enchantments.
   It causes magical contamination when unequipped.
 G - a scarf of cold resistance (worn)
Magical Staves
 y - an uncursed staff of earth
Jewellery
 g - a +1 ring of protection (right hand)
 m - an uncursed amulet of harm
 x - a +2 amulet of reflection (around neck)
 z - a ring of protection from cold (left hand)
 B - an uncursed amulet of regeneration
Scrolls
 d - 5 scrolls of remove curse
 e - 5 scrolls of teleportation
 f - 2 scrolls of enchant armour
 q - a scroll of amnesia
 s - 4 scrolls of recharging
 u - a scroll of enchant weapon
 v - 3 scrolls of identify
Potions
 c - a potion of magic
 k - a potion of resistance {unknown}
 l - a potion of flight {unknown}
 p - a potion of brilliance
 A - 2 potions of might
 F - a potion of lignification {unknown}
Books
 b - a book of Flames

   Spells                             Type                      Level
   a - Flame Tongue                   Conjuration/Fire             1
   b - Throw Flame                    Conjuration/Fire             2
   c - Conjure Flame                  Conjuration/Fire             3
   d - Inner Flame                    Hexes/Fire                   3
   e - Sticky Flame                   Conjuration/Fire             4
   f - Fireball                       Conjuration/Fire             5
Comestibles
 a - 7 fruits
 h - 7 chunks of flesh
 i - 5 meat rations
 j - 3 bread rations
 D - a royal jelly


   Skills:
 + Level 2.2 Maces & Flails
 + Level 7.3 Armour
 - Level 1.7 Dodging
 - Level 1.7 Stealth
 * Level 4.4 Spellcasting
 - Level 6.3 Conjurations
 - Level 5.9 Fire Magic


You had 2 spell levels left.
You knew the following spells:

 Your Spells              Type           Power        Failure   Level  Hunger
a - Flame Tongue          Conj/Fire      #####        1%          1    None
b - Throw Flame           Conj/Fire      #####.       1%          2    None
c - Conjure Flame         Conj/Fire      #####...     2%          3    #......
d - Inner Flame           Hex/Fire       ####....     12%         3    #......
e - Fireball              Conj/Fire      #####.....   28%         5    #####..


Dungeon Overview and Level Annotations

Branches:
Dungeon (8/15)             Temple (1/1) D:5
   Lair: D:8-11

Shops:
D:5 %


Innate Abilities, Weirdness & Mutations

You have an increased reservoir of magic. (+10% MP)


Message History

The orc warrior barely misses you.
You hit the orc warrior but do no damage.
The orc warrior is moderately wounded.
The orc warrior hits you with a scimitar.
The hippogriff is engulfed in blazing flames.
You sock the orc warrior!
You feel better.
The orc warrior is severely wounded.
The orc warrior barely misses you.
You hit the orc warrior.
You feel better.
The orc warrior is severely wounded.
The orc warrior barely misses you.
You closely miss the orc warrior.
The orc warrior is severely wounded.
The orc warrior hits you with a scimitar!
You hit the orc warrior.
The orc warrior is almost dead.
The orc warrior hits you with a scimitar!
* * * LOW HITPOINT WARNING * * *
The orc warrior hits you with a scimitar!
You die...

#########
........#####
#........oo########
#.####.###K§oHo@..#
#.# ########.# #o#
###.# #K# #...#
###H### #.### #.o...#
#.#
#.###.######.#########
..o ................#
..)#.
................#


You could see a hippogriff, an orc warrior, a big kobold, an orc priest and 2
orcs.

Vanquished Creatures
  A hornet (D:8)
  Sigmund (D:6)
  Eustachio (D:5)
  A hungry ghost (D:8)
  4 ice beasts
  2 black bears
  3 ogres
  2 bullfrogs
  A scorpion (D:4)
  3 wights (D:4)
  A howler monkey (D:8)
  4 crimson imps
  5 hounds
  3 jellies
  A centaur zombie (D:7)
  2 orc priests (D:6)
  3 centaur skeletons
  A gnoll shaman (D:7)
  6 orc wizards
  2 iguanas (D:7)
  8 worker ants
  A hound skeleton (D:5)
  A worker ant zombie (D:2)
  8 gnolls
  A howler monkey skeleton (D:5)
  10 adders
  An ooze (D:5)
  An adder skeleton (D:5)
  An adder zombie (D:6)
  3 worms
  A dart slug (D:1)
  3 leopard geckos
  22 orcs
  5 giant cockroaches
  11 goblins
  5 hobgoblins
  5 jackals
  5 kobolds
  A quokka (D:7)
  2 ball pythons
  15 bats
  5 frilled lizards
  A jackal skeleton (D:4)
  A leopard gecko zombie (D:5)
  A quokka skeleton (D:5)
  5 rats
170 creatures vanquished.

Vanquished Creatures (others)
  An orc wizard (D:5)
1 creature vanquished.

Grand Total: 171 creatures vanquished

Notes
Turn   | Place    | Note
-------+----------+-------------------------------------------
     0 | D:1      | Hybris the Demigod Fire Elementalist began the quest for the Orb.
     0 | D:1      | Reached XP level 1. HP: 14/14 MP: 5/5
     9 | D:1      | Reached skill level 1 in Conjurations
   805 | D:1      | Reached XP level 2. HP: 20/20 MP: 1/7
  1408 | D:1      | Learned a level 2 spell: Throw Flame
  2064 | D:2      | Reached XP level 3. HP: 26/26 MP: 5/8
  3345 | D:3      | Reached XP level 4. HP: 33/33 MP: 0/9
  3488 | D:3      | Learned a level 3 spell: Conjure Flame
  3721 | D:3      | Noticed a bullfrog
  3731 | D:3      | Killed a bullfrog
  3731 | D:3      | Reached XP level 5. HP: 21/38 MP: 5/11
  3899 | D:3      | Reached skill level 1 in Armour
  5050 | D:4      | Reached XP level 6. HP: 39/45 MP: 3/12
  5754 | D:4      | Learned a level 3 spell: Inner Flame
  6035 | D:4      | Reached skill level 2 in Armour
  6188 | D:4      | Reached skill level 5 in Fire Magic
  6467 | D:5      | Entered Level 5 of the Dungeon
  6472 | D:5      | Reached XP level 7. HP: 34/50 MP: 7/13
  6585 | D:5      | Found Qaofroishryi's Food Boutique.
  6773 | D:4      | Reached skill level 5 in Conjurations
  7747 | D:5      | Found a staircase to the Ecumenical Temple.
  7759 | Temple   | Entered the Ecumenical Temple
  8527 | D:5      | Got a slimy mace
  8627 | D:5      | HP: 1/50 [cloud of flame (8)]
  8633 | D:5      | Reached skill level 3 in Armour
  8931 | D:5      | Bought 4 fruits for 72 gold pieces
  8931 | D:5      | Bought 3 fruits for 54 gold pieces
  8931 | D:5      | Bought 3 fruits for 54 gold pieces
  8931 | D:5      | Bought 3 fruits for 54 gold pieces
  8982 | D:5      | Identified the +5 mace "Zomic" {vamp, Int+8 Dex-4 SInv} (You found it on level 5 of the Dungeon)
  9544 | D:6      | Noticed Eustachio
  9784 | D:5      | Reached XP level 8. HP: 29/57 MP: 12/14
  9799 | D:5      | Killed Eustachio
 10254 | D:6      | Reached skill level 4 in Armour
 10324 | D:6      | Noticed Sigmund
 10706 | D:6      | Found a hazy altar of Hepliaklqana.
 10778 | D:6      | Reached skill level 5 in Armour
 10969 | D:6      | Killed Sigmund
 10969 | D:6      | Reached skill level 6 in Armour
 12099 | D:7      | Got a dazzling ring mail
 12100 | D:7      | Identified the +4 ring mail of Lihiy {*Contam rC+ MR+} (You found it on level 7 of the Dungeon)
 12769 | D:7      | Reached XP level 9. HP: 62/62 MP: 17/17
 12784 | D:7      | Learned a level 5 spell: Fireball
 12916 | D:7      | Reached skill level 1 in Maces & Flails
 12916 | D:7      | Reached skill level 7 in Armour
 13420 | D:8      | HP: 3/62 [hornet (7)]
 13421 | D:8      | HP: 1/62 [poisoned by a hornet]
 13800 | D:8      | Slain by an orc warrior

Vault maps used:
D:1:      dpeg_arrival_rooms_b
D:4:      kennysheep_big_flooded_room
D:5:      minmay_temple_entry_glass, first_bread, serial_shops, shop
D:6:      lemuel_crystal_altar, serial_glass, glass_columns_b, glass_columns_b,
          kennysheep_path_1, uniq_sigmund, uniq_eustachio
D:8:      blue_anna_alchemist
Temple:   kilobyte_greek_temple

Skill      XL: |  1  2  3  4  5  6  7  8  9 |
---------------+----------------------------+-----
Conjurations   | 1 2 3 4 6 |  6.3
Fire Magic     | 3 4 5 |  5.9
Spellcasting   | 2 3 4 |  4.4
Armour         | 1 2 3 6 7 |  7.3
Maces & Flails | 2 |  2.2
Dodging        | |  1.7
Stealth        | |  1.7

Action                   |  1- 3 |  4- 6 |  7- 9 || total
-------------------------+-------+-------+-------++-------
Melee: Unarmed           |    89 |       |       ||    89
       Spear             |       |   180 |   497 ||   677
       Mace              |       |       |   235 ||   235
 Cast: Flame Tongue      |    58 |    68 |   108 ||   234
       Throw Flame       |     8 |    17 |    26 ||    51
       Conjure Flame     |       |     4 |    10 ||    14
       Inner Flame       |       |       |    10 ||    10
  Use: Scroll            |     7 |     2 |     9 ||    18
       Potion            |       |     1 |    16 ||    17
 Stab: Sleeping          |     1 |     2 |       ||     3
  Eat: Chunk             |     6 |    11 |    18 ||    35
       Royal jelly       |     1 |     1 |     1 ||     3
       Fruit             |       |       |     7 ||     7
       Bread ration      |       |       |     2 ||     2
Armor: Ring mail         |    66 |    61 |   311 ||   438
Dodge: Dodged            |    74 |    86 |   445 ||   605
Block: Other             |       |     1 |    53 ||    54
       Reflection        |       |       |     1 ||     1
